 Dungeon Crawl Stone Soup version 0.31-a0-875-g02e7d12df6 (webtiles) character file.

Game seed: 4749111905796343019

142 croobank the Sneak (level 5, 0/37 HPs)
             Began as an Octopode Delver on Oct 12, 2023.
             Was an Initiate of Gozag.
             Slain by an orc wizard
             ... wielding a +0 dagger
              (1 damage)
             ... on level 3 of the Dungeon on Oct 13, 2023.
             The game lasted 00:08:16 (2769 turns).

croobank the Sneak (Octopode Delver)                Turns: 2769, Time: 00:08:17

Health: 0/37       AC:  1    Str: 11    XL:     5   Next: 24%
Magic:  3/6        EV: 13    Int: 15    God:    Gozag
Gold:   224        SH:  0    Dex: 13    Spells: 2/5 levels left

rFire   . . .        a - +0 short sword
rCold   . . .        (no shield)
rNeg    . . .        (helmet restricted)
rPois   +            (no amulet)
rElec   .            k - ring of poison resistance
rCorr   .            (no ring)
SInv    .            (no ring)
Will    .....        (no ring)
Stlth   ++++         (no ring)
HPRegen 0.26/turn    (no ring)
MPRegen 0.10/turn    (no ring)
                     (no ring)

%: no passive effects
@: attractive
A: almost no armour, amphibious, 8 rings, camouflage 1, gelatinous body 1,
(nimble swimmer 1), tentacles
a: Renounce Religion, Potion Petition, Call Merchant, Bribe Branch


You were on level 3 of the Dungeon.
You worshipped Gozag.
Gozag was aware of your devotion.
You visited 1 branch of the dungeon, and saw 6 of its levels.

You collected 224 gold pieces.

Inventory:

Hand Weapons
 a - a +0 short sword (weapon)
 e - a +0 war axe
 j - a +0 dagger
 m - a +0 falchion
 q - a +0 trident
Jewellery
 k - a ring of poison resistance (left tentacle)
Wands
 f - a wand of digging (3)
Scrolls
 b - a scroll of fog
 c - a scroll of revelation
 i - a scroll of silence
 l - a scroll of noise {unknown}
 p - 2 scrolls of poison {unknown}
 r - 2 scrolls of identify {unknown}
 t - a scroll of teleportation {unknown}
 u - a scroll of enchant weapon {unknown}
 w - a scroll of brand weapon {unknown}
Potions
 n - a potion of brilliance {unknown}
 o - a potion of ambrosia
 s - a potion of heal wounds {unknown}
 v - a potion of lignification {unknown}
 x - a potion of might {unknown}


   Skills:
 + Level 3.7 Fighting
 + Level 3.0 Short Blades
 + Level 2.9 Dodging
 + Level 7.3 Stealth
 * Level 0.9 Spellcasting
 * Level 1.0 Earth Magic


You had 2 spell levels left.
You knew the following spells:

 Your Spells              Type           Power      Damage    Failure   Level
a - Stone Arrow           Conj/Erth      4%         3d7       52%         3

Your spell library contained the following spells:

 Spells                   Type           Power      Damage    Failure   Level
 Sandblast                Erth           6%         2d5       16%         1
 Apportation              Tloc           0%         N/A       26%         1
 Necrotise                Necr           0%         1d4       26%         1
 Summon Small Mammal      Summ           0%         N/A       26%         1
 Passwall                 Tmut/Erth      1%         N/A       30%         2
 Dazzling Flash           Conj/Hex       0%         N/A       58%         3
 Volatile Blastmotes      Fire/Tloc      0%         2d10      58%         3
 Brom's Barrelling Bould  Conj/Erth      2%         2d3       89%         4
 Starburst                Conj/Fire      0%         6d3       100%        6
 Maxwell's Capacitive Co  Air            0%         ∞         100%        8


Dungeon Overview and Level Annotations

Branches:
Dungeon (6/15)
 Temple: D:4-7

Altars:
Gozag
Nemelex Xobeh


Innate Abilities, Weirdness & Mutations

You cannot wear most types of armour.
You are amphibious.
You can wear up to eight rings at the same time.
Your skin changes colour to match your surroundings (Stealth+).
Your rubbery body absorbs attacks. (AC +1, EV +1)
((You are camouflaged when in or above water. (Stealth+)))
You have tentacles for arms and can constrict up to eight enemies at once.


Message History

You feel less invigorated.
You bump into the rock wall.
Something hits you. Something hits you.
It was a potion of curing.
You feel better. Something barely misses you.
You barely miss something. Something hits you.
You miss something. Something hits you.
You hit something but do no damage. Something hits you.
Okay, then.
You hit something. You squeeze something.
You hear some strange, mumbled words.
A puff of flame appears from out of thin air!
The puff of flame hits you!
* * * LOW HITPOINT WARNING * * *
Casting: Stone Arrow (quite dangerous; 52% risk of failure)
Confirm with . or Enter, or press ? or * to list all spells.
Okay, then.
Casting: Stone Arrow (quite dangerous; 52% risk of failure)
Confirm with . or Enter, or press ? or * to list all spells.
You can't see any susceptible monsters within range! (Use Z to cast anyway.) Unknown command.
Casting: Stone Arrow (quite dangerous; 52% risk of failure)
Confirm with . or Enter, or press ? or * to list all spells.
Aiming: Stone Arrow (quite dangerous; 52% risk of failure)
Press: ? - help, Shift-Dir - straight line You hear some strange, mumbled words.
A magic dart appears from out of thin air!
The magic dart hits you.
* * * LOW HITPOINT WARNING * * *
Unknown command.
Saving game... please wait.
Welcome back, croobank the Octopode Delver.
Gozag says: Greed is good.
Press ? for a list of commands and other information.
Okay, then.
As you read the scroll labelled DAMIVATAMN, it crumbles to dust.
It is a scroll of enchant armour.
You aren't carrying any armour which can be enchanted further.
Something hits you.
You die...
Your body crumbles into a pile of gold.

#.# ###.#..### #.#
#...#..... ##.###.###..#
#######...........#
#....>...........#
#.........#.##..###
#.##..#.###.##....#
#.....#.# #.###...##
#..@{...# #.........
#.....### ######.###
###.##### #.#
#...##############.###
#...............##....
#...............##....
####............##....
######............##....
#.................####..


There were no monsters in sight!

Vanquished Creatures
  A scorpion (D:5)
  An adder (D:5)
  3 dart slugs
  6 orcs
  8 ball pythons
  5 endoplasms
  4 giant cockroaches
  3 goblins
  6 hobgoblins
  4 jackals
  A quokka (D:3)
  7 bats
  2 frilled lizards
  4 kobolds
  3 rats
58 creatures vanquished.

Notes
Turn   | Place    | Note
-------+----------+-------------------------------------------
     0 | D:5      | croobank the Octopode Delver began the quest for the Orb.
     0 | D:5      | Reached XP level 1. HP: 16/16 MP: 1/1
   101 | D:6      | Found a sparkling altar of Nemelex Xobeh.
   113 | D:6      | Noticed a sleepcap
   200 | D:5      | Reached XP level 2. HP: 13/21 MP: 2/2
   335 | D:5      | Noticed a scorpion
   345 | D:5      | Killed a scorpion
   346 | D:5      | Reached skill level 7 in Stealth
   346 | D:5      | Reached XP level 3. HP: 14/26 MP: 3/3
   346 | D:5      | Reached XP level 4. HP: 17/31 MP: 4/4
   901 | D:3      | HP: 1/31 [orc/+0 flail (6)]
  1193 | D:3      | Learned a level 3 spell: Stone Arrow
  1599 | D:1      | Reached XP level 5. HP: 35/36 MP: 6/6
  2185 | D:2      | Found a faded altar of an unknown god.
  2189 | D:2      | Prayed at the altar of an unknown god.
  2189 | D:2      | Became a worshipper of Gozag Ym Sagoz the Greedy
  2399 | D:2      | Reached skill level 1 in Earth Magic
  2768 | D:3      | HP: 1/37 [something/magic dart (6)]
  2769 | D:3      | Slain by an orc wizard

Illustrated notes

Levels and vault maps discovered:
D:1:      tarquinn_simple_flora_water_d, layout_loops_ring
D:2:      layout_loops_cross, hellmonk_ecumenical_altar_leap_of_faith
D:3:      layout_basic
D:4:      layout_basic, nicolae_overflow_hallway_of_the_gods, st_stairs_1
D:5:      layout_basic, nicolae_ashenzari_panopticon, amcnicky_mini_pool_small,
          chequers_jeans
D:6:      layout_basic, nemelex_diamond_rough_becter

Skill      XL: |  1  2  3  4  5 |
---------------+----------------+-----
Stealth        | 7 |  7.3
Short Blades   | 3 |  3.0
Earth Magic    | 1 |  1.0
Fighting       | |  3.7
Dodging        | |  2.9
Spellcasting   | |  0.9

Action                     |  1- 3 |  4- 6 || total
---------------------------+-------+-------++-------
  Melee: Short sword       |     9 |   127 ||   136
         Tentacles         |     5 |    23 ||    28
         Constrict         |     2 |    26 ||    28
         Punch             |       |     2 ||     2
   Cast: Stone Arrow       |       |     1 ||     1
    Use: Potion            |     1 |     3 ||     4
         Scroll            |       |     3 ||     3
   Stab: Sleeping          |       |    17 ||    17
         Distracted        |       |     2 ||     2
 Armour: Skin              |     3 |    63 ||    66
  Dodge: Dodged            |     5 |    69 ||    74

Table legend: (Time is in decaauts)
 A = Elapsed time spent in this place.
 B = Non-inter-level travel time spent in this place.
 C = Inter-level travel time spent in this place.
 D = Time resting spent in this place.
 E = Time spent auto-exploring this place.
 F = Levels seen in this place.
 G = Mean time per level.
                   A        B        C        D        E       F      G
               +--------+--------+--------+--------+--------+-----+--------+
         Total |   2731 |   2606 |    125 |    544 |   1371 |   6 |  455.2 |
       Dungeon |   2731 |   2606 |    125 |    544 |   1371 |   6 |  455.2 |
               +--------+--------+--------+--------+--------+-----+--------+

Top non-repeatable levels by time:
     D:2: 719 daAuts
     D:3: 643 daAuts
     D:1: 599 daAuts
     D:5: 307 daAuts
     D:4: 291 daAuts
     D:6: 169 daAuts
